 Dungeon Crawl Stone Soup version 0.31.0-11-ge490571c62 (webtiles) character file.

Game seed: 8994699269844008468

2076 qw the Skirmisher (level 9, -1/44 HPs)
             Began as a Spriggan Hunter on Feb 5, 2024.
             Was a Believer of Okawaru.
             Slain by a skeletal warrior
             ... wielding a +0 hand axe
              (2 damage)
             ... on level 7 of the Dungeon.
             The game lasted 00:02:27 (5086 turns).

qw the Skirmisher (Spriggan Hunter)                 Turns: 5086, Time: 00:02:28

Health: -1/44      AC:  4    Str:  7    XL:     9   Next: 6%
Magic:  12/13      EV: 36    Int: 10    God:    Okawaru [**....]
Gold:   342        SH:  5    Dex: 23    Spells: 8/8 levels left

rFire   + . .        a - +0 shortbow (drain)
rCold   . . .        (shield currently unavailable)
rNeg    . . .        b - +2 robe {rF+}
rPois   .            (helmet restricted)
rElec   .            (no cloak)
rCorr   .            (gloves unavailable)
SInv    +            (boots unavailable)
Will    +....        d - amulet of reflection
Stlth   ++++         n - +5 ring of evasion
HPRegen 0.27/turn    (no ring)
MPRegen 0.13/turn

%: reflection
@: heroic, very quick
A: very small, no large weapons, unfitting armour, see invisible, speed 3,
mutation resistance 1
a: Renounce Religion, Heroism


You were on level 7 of the Dungeon.
You worshipped Okawaru.
Okawaru was pleased with you.
You visited 2 branches of the dungeon, and saw 8 of its levels.

You collected 342 gold pieces.


Innate Abilities, Weirdness & Mutations

You are very small and have problems with some larger weapons.
You are too small for most types of armour.
You have supernaturally acute eyesight. (SInv)
You cover ground extremely quickly. (Speed+++)
You are somewhat resistant to further mutation.


   Skills:
 - Level 3.1(8.1) Fighting
 - Level 9.2(14.2) Ranged Weapons
 + Level 9.2(14.2) Dodging
 - Level 1.5(6.5) Stealth
 - Level 4.0 Invocations


You had 8 spell levels left.
You didn't know any spells.
Your spell library was empty.

Inventory:

Hand Weapons
 a - a +0 shortbow of draining (weapon)
Armour
 b - a +2 robe of fire resistance (worn)
Jewellery
 d - an amulet of reflection (around neck)
 n - a +5 ring of evasion (left hand)
Wands
 c - a wand of iceblast (13)
 m - a wand of polymorph (8)
Scrolls
 f - 3 scrolls of teleportation
Potions
 e - 5 potions of curing
 g - 2 potions of heal wounds
 h - 2 potions of mutation
 i - a potion of resistance
 k - 2 potions of enlightenment

Dungeon Overview and Level Annotations

Branches:
Dungeon (7/15)             Temple (1/1) D:4

Altars:
Ashenzari
Cheibriados
Dithmenos
Elyvilon
Fedhas
Gozag
Hepliaklqana
Kikubaaqudgha
Makhleb
Nemelex Xobeh
Okawaru
Ru
Sif Muna
Trog
Uskayaw
Vehumet
Wu Jian
Xom
Yredelemnul
Zin
The Shining One

Shops:
D:1 =

Annotations:
D:6 exclusion: electric eel


Message History

The skeletal warrior is lightly damaged.
The skeletal warrior completely misses you.
You shoot an arrow. The arrow hits the skeletal warrior!
The skeletal warrior is moderately damaged.
You shoot an arrow.
The arrow closely misses the skeletal warrior.
The skeletal warrior completely misses you. x2
You shoot an arrow.
The arrow closely misses the skeletal warrior.
The skeletal warrior hits you with a +0 hand axe!!
Ouch! That really hurt!
The skeletal warrior completely misses you.
You shoot an arrow.
The arrow closely misses the skeletal warrior.
You block the skeletal warrior's attack.
The skeletal warrior completely misses you.
You shoot an arrow.
The arrow hits the skeletal warrior but does no damage.
The skeletal warrior is moderately damaged.
You shoot an arrow.
The arrow hits the skeletal warrior but does no damage.
The skeletal warrior is moderately damaged.
The skeletal warrior completely misses you.
The skeletal warrior barely misses you.
You shoot an arrow. The arrow hits the skeletal warrior.
The skeletal warrior is moderately damaged.
The skeletal warrior completely misses you.
You block the skeletal warrior's attack.
You shoot an arrow. The arrow hits the skeletal warrior!
The skeletal warrior is heavily damaged.
You shoot an arrow.
The arrow closely misses the skeletal warrior.
The skeletal warrior completely misses you.
The skeletal warrior hits you with a +0 hand axe.
You shoot an arrow.
The arrow hits the skeletal warrior but does no damage.
The skeletal warrior is heavily damaged.
The skeletal warrior hits you with a +0 hand axe!
The skeletal warrior hits you with a +0 hand axe.
You die...

........##...
..##.......###....## ..
#.##........##.....# ...
..###..#...##.....###...
..# #......###.........#
..# #........#........<.
...####........#........
#..#.............z......
..##............@z......
.................#......
.................# .....
...............### ....
.#..............# ...
.##.............# ..
.##............... .
#...............


You could see 2 skeletal warriors.

Vanquished Creatures
  A wyvern (D:6)
  Edmund (D:4)
  Duvessa (D:4)
  An ice beast (D:5)
  3 black bears
  An ogre (D:5)
  2 kobold brigands
  A bullfrog (D:6)
  2 scorpions
  Dowan (D:4)
  4 wights (D:6)
  2 electric eels (D:6)
  2 hounds (D:4)
  A jelly (D:5)
  A bombardier beetle (D:3)
  2 orc priests
  Jessica (D:3)
  3 iguanas
  Ijyb (D:4)
  Terence (D:3)
  Natasha (thrice) (D:3)
  An orc wizard (D:6)
  Robin (D:3)
  An adder (D:4)
  A shadow imp (D:6)
  2 ufetubi (D:5)
  3 dart slugs (D:1)
  2 ribbon worms (D:4)
  15 orcs
  5 endoplasms
  4 giant cockroaches
  15 hobgoblins
  10 jackals
  4 quokkas
  13 ball pythons
  12 bats
  8 frilled lizards
  14 goblins
  14 kobolds
  3 rats
163 creatures vanquished.

Notes
Turn   | Place    | Note
-------+----------+-------------------------------------------
     0 | D:1      | qw the Spriggan Hunter began the quest for the Orb.
     0 | D:1      | Reached XP level 1. HP: 10/10 MP: 2/2
     0 | D:1      | 0 ||| qw: Version: 0.3-a-160-g6735b56
     0 | D:1      | 0 ||| qw: Game counter: 6564
     0 | D:1      | 0 ||| qw: Melee chars always use a shield: true
     0 | D:1      | 0 ||| qw: God list: Okawaru
     0 | D:1      | 0 ||| qw: Allow faded altars: false
     0 | D:1      | 0 ||| qw: Do Orc after clearing Dungeon:15 true
     0 | D:1      | 0 ||| qw: Do second Lair branch before Depths: true
     0 | D:1      | 0 ||| qw: Lair rune preference: random
     0 | D:1      | 0 ||| qw: Goals: Normal
     0 | D:1      | 0 ||| PLANNING D:1-11
    14 | D:1      | Reached skill level 3 in Dodging
   136 | D:1      | Reached XP level 2. HP: 14/14 MP: 3/3
   391 | D:1      | Found Xizikhargh's One-of-a-Kind Rings.
   396 | D:1      | 396 ||| SHOPLISTING +4 ring of dexterity (150 gold, have
                  | 37).
   396 | D:1      | 396 ||| SHOPLISTING +6 ring of protection (780 gold, have
                  | 37).
   396 | D:1      | 396 ||| SHOPLISTING +8 ring of strength (550 gold, have
                  | 37).
   396 | D:1      | 396 ||| SHOPLISTING ring of Mukuun {rF+ MP+9} (509 gold,
                  | have 37).
   396 | D:1      | 396 ||| SHOPLISTING ring of Noaduah {rPois Slay+2} (354
                  | gold, have 37).
   413 | D:1      | Reached XP level 3. HP: 18/18 MP: 4/4
   569 | D:1      | 569 ||| UPGRADING to +5 ring of evasion.
   570 | D:1      | 570 ||| READING scroll labelled JAEPLO XAPI.
   571 | D:1      | 571 ||| READING 2 scrolls labelled RUSAISY LUNI.
   576 | D:1      | 576 ||| READING 2 scrolls labelled ULA QUESIEGOES.
   576 | D:1      | 576 ||| IDENTIFYING pink potion
   577 | D:1      | 577 ||| READING scroll of identify.
   577 | D:1      | 577 ||| IDENTIFYING glowing purple potion
   578 | D:1      | 578 ||| READING 2 scrolls labelled AVIHOB IRUKKIMM.
   679 | D:1      | 679 ||| READING scroll labelled QESSUENOILE.
   679 | D:1      | 679 ||| ENCHANTING +0 shortbow.
   680 | D:1      | 680 ||| READING scroll labelled OTAEGISKAUPS.
   681 | D:1      | 681 ||| DROPPING scroll of butterflies.
   682 | D:1      | 682 ||| DROPPING scroll of vulnerability.
  1436 | D:2      | 1436 ||| READING scroll labelled UTOQAL YHI.
  1437 | D:2      | 1437 ||| READING 2 scrolls labelled TOZERH UGIT.
  1437 | D:2      | 1437 ||| BRANDING +0 shortbow.
  1438 | D:2      | 1438 ||| READING scroll of brand weapon.
  1438 | D:2      | 1438 ||| BRANDING +0 shortbow of freezing.
  1439 | D:2      | 1439 ||| READING scroll labelled LOET JOHUG.
  1440 | D:2      | 1440 ||| DRINKING 3 dark potions.
  1440 | D:2      | Gained mutation: You are somewhat resistant to further
                  | mutation. [potion of mutation]
  1467 | D:3      | Noticed Jessica
  1469 | D:3      | Noticed Natasha
  1473 | D:3      | Reached XP level 4. HP: 22/22 MP: 5/5
  1474 | D:3      | Killed Natasha
  1475 | D:3      | Killed Jessica
  1627 | D:3      | Noticed Terence
  1627 | D:3      | Noticed Natasha
  1629 | D:3      | Killed Natasha
  1630 | D:3      | Reached XP level 5. HP: 26/26 MP: 6/6
  1639 | D:3      | Killed Terence
  2005 | D:3      | Noticed Natasha
  2007 | D:3      | Reached skill level 6 in Ranged Weapons
  2011 | D:3      | Killed Natasha
  2103 | D:3      | Found a hide-covered altar of Uskayaw.
  2177 | D:3      | Reached XP level 6. HP: 30/30 MP: 7/7
  2465 | D:3      | 2465 ||| UPGRADING to +2 robe of fire resistance.
  2475 | D:3      | 2475 ||| DROPPING +0 robe.
  2476 | D:3      | 2476 ||| DROPPING ring of wizardry.
  2477 | D:3      | 2477 ||| READING scroll labelled TATIRO XYRY.
  2532 | D:3      | 2532 ||| DRINKING 2 brown potions.
  2581 | D:4      | Noticed Robin
  2582 | D:4      | 2582 ||| STAIRDANCE
  2586 | D:4      | 2586 ||| STAIRDANCE
  2590 | D:3      | Killed Robin
  2603 | D:4      | 2603 ||| STAIRDANCE
  2758 | D:4      | Reached skill level 6 in Dodging
  2769 | D:4      | Noticed Edmund
  2770 | D:4      | 2770 ||| DRINKING potion of haste.
  2790 | D:4      | Killed Edmund
  2801 | D:4      | Found a shadowy altar of Dithmenos.
  2809 | D:4      | Noticed Ijyb
  2826 | D:4      | Killed Ijyb
  2952 | D:4      | Noticed Dowan
  2955 | D:4      | Noticed Duvessa
  2959 | D:4      | Killed Dowan
  2960 | D:4      | Reached XP level 7. HP: 35/35 MP: 8/8
  2966 | D:4      | Killed Duvessa
  3018 | D:4      | Found a staircase to the Ecumenical Temple.
  3019 | D:4      | 3019 ||| PLANNING TEMPLE
  3019 | D:4      | 3019 ||| UPGRADING to amulet of reflection.
  3024 | D:4      | 3024 ||| READING 3 scrolls of identify.
  3024 | D:4      | 3024 ||| IDENTIFYING fizzy dark potion
  3025 | D:4      | 3025 ||| READING 2 scrolls of identify.
  3025 | D:4      | 3025 ||| IDENTIFYING green potion
  3026 | D:4      | 3026 ||| READING scroll of identify.
  3026 | D:4      | 3026 ||| IDENTIFYING fuming brown potion
  3027 | D:4      | 3027 ||| DROPPING potion of invisibility.
  3032 | Temple   | Entered the Ecumenical Temple
  3033 | Temple   | 3033 ||| PLANNING OKAWARU WORSHIP
  3051 | Temple   | Became a worshipper of Warmaster Okawaru
  3052 | Temple   | 3052 ||| PLANNING D:1-11
  3213 | D:4      | Found a shimmering altar of Xom.
  3626 | D:4      | 3626 ||| READING scroll labelled REMOASH SERCH.
  3634 | D:5      | Entered Level 5 of the Dungeon
  3762 | D:5      | Reached * piety under Okawaru
  4002 | D:5      | Reached skill level 1 in Invocations
  4002 | D:5      | Reached XP level 8. HP: 37/39 MP: 9/9
  4205 | D:5      | 4205 ||| READING scroll of identify.
  4205 | D:5      | 4205 ||| IDENTIFYING scroll labelled JAFOUSYEMM
  4206 | D:5      | 4206 ||| DROPPING scroll of summoning.
  4266 | D:6      | 4266 ||| STAIRDANCE
  4277 | D:5      | Reached skill level 3 in Fighting
  4347 | D:6      | Reached skill level 3 in Invocations
  4448 | D:6      | Identified the +0 robe "Igotuip" {Int+6 Stlth-}
  4538 | D:6      | Reached ** piety under Okawaru
  4557 | D:6      | 4557 ||| RETREEEEATING.
  4558 | D:6      | 4558 ||| RETREEEEATING.
  4559 | D:6      | 4559 ||| RETREEEEATING.
  4561 | D:6      | 4561 ||| RETREEEEATING.
  4562 | D:6      | 4562 ||| RETREEEEATING.
  4563 | D:6      | 4563 ||| RETREEEEATING.
  4564 | D:6      | 4564 ||| RETREEEEATING.
  4565 | D:6      | 4565 ||| RETREEEEATING.
  4566 | D:6      | 4566 ||| RETREEEEATING.
  4567 | D:6      | 4567 ||| RETREEEEATING.
  4568 | D:6      | 4568 ||| RETREEEEATING.
  4569 | D:6      | 4569 ||| RETREEEEATING.
  4574 | D:6      | 4574 ||| RETREEEEATING.
  4576 | D:6      | 4576 ||| RETREEEEATING.
  4577 | D:6      | 4577 ||| RETREEEEATING.
  4578 | D:6      | 4578 ||| RETREEEEATING.
  4579 | D:6      | 4579 ||| RETREEEEATING.
  4588 | D:6      | Reached skill level 9 in Ranged Weapons
  4645 | D:6      | Found a bloodstained altar of Trog.
  4799 | D:6      | Found a basalt altar of Yredelemnul.
  4904 | D:6      | Reached skill level 9 in Dodging
  4956 | D:6      | Reached XP level 9. HP: 44/44 MP: 13/13
  5013 | D:6      | 5013 ||| DROPPING +0 robe "Igotuip" {Int+6 Stlth-}.
  5014 | D:6      | 5014 ||| DROPPING wand of flame (5).
  5065 | D:7      | Noticed a skeletal warrior
  5065 | D:7      | Noticed a skeletal warrior
  5066 | D:7      | 5066 ||| INVOKING Heroism.
  5086 | D:7      | HP: 1/44 [skeletal warrior/+0 hand axe (16)]
  5086 | D:7      | Slain by a skeletal warrior

Levels and vault maps discovered:
D:1:      eino_arrival_water_star, layout_basic, minmay_strange_pillars,
          minmay_misc_feat_more_columns, minmay_misc_feat_rugged,
          nicolae_shop_unique_rings, minmay_pentomino_z2
D:2:      layout_loops_ring, grunt_decor_cap, hangedman_glass_garden,
          minmay_liquid_box, kennysheep_generic_room_16
D:3:      layout_basic, general_overflow_altar, uniq_terence, uniq_jessica,
          uniq_natasha
D:4:      minmay_wonky_spiral, layout_basic, nicolae_dithmenos_shadow_blocks,
          mainiacjoe_overflow_six_doors_small, minmay_temple_entry_butterflies,
          uniq_duvessa, uniq_edmund, uniq_robin, uniq_ijyb
D:5:      layout_basic
D:6:      layout_gridville, nicolae_overflow_squiral
D:7:      layout_cave_pools
Temple:   nicolae_temple_slightly_damp_pantheon

Skill      XL: |  1  2  3  4  5  6  7  8 |
---------------+-------------------------+-----
Dodging        | 3 4 5 6 8 9 |  9.2
Ranged Weapons | 5 6 7 8 9 |  9.2
Fighting       | 2 3 |  3.1
Invocations    | 1 4 |  4.0
Stealth        | |  1.5

Action                     |  1- 3 |  4- 6 |  7- 9 || total
---------------------------+-------+-------+-------++-------
   Fire: Shortbow          |   115 |   180 |   266 ||   561
 Invoke: Heroism           |       |       |     1 ||     1
    Use: Scroll            |    11 |     1 |     5 ||    17
         Potion            |     1 |     2 |       ||     3
 Armour: Robe              |     8 |    19 |    24 ||    51
  Dodge: Dodged            |    31 |    97 |   159 ||   287
  Block: Other             |       |       |    35 ||    35
         Reflection        |       |       |     1 ||     1

Table legend:
 A = Non-vault XP
 B = Vault XP
 C = Vault XP percentage of total XP
 D = Non-vault monster count
 E = Vault monster count
 F = Vault count percentage of total count
                 A         B        C        D         E       F
            +---------+---------+-------+---------+---------+-------
      Total |    2382 |     585 |  19.7 |     140 |      23 |  14.1
            +---------+---------+-------+---------+---------+-------
        D:1 |      43 |       1 |   2.3 |      25 |       1 |   3.8
        D:2 |      28 |       0 |   0.0 |      17 |       0 |   0.0
        D:3 |     204 |     143 |  41.2 |      32 |      13 |  28.9
        D:4 |     293 |     441 |  60.1 |      22 |       9 |  29.0
        D:5 |     640 |       0 |   0.0 |      21 |       0 |   0.0
        D:6 |    1094 |       0 |   0.0 |      22 |       0 |   0.0
        D:7 |      80 |       0 |   0.0 |       1 |       0 |   0.0
            +---------+---------+-------+---------+---------+-------
